 Dungeon Crawl Stone Soup version 0.25-a0-528-g6b7c99946c (webtiles) character file.

Game seed: 7173283875895331029, levelgen mode: classic

14448 EnegeticOcto the Pandemonic (level 11, -2/111 HPs)
             Began as a Deep Dwarf Fighter on Feb 19, 2020.
             Was a High Priest of Makhleb.
             Slain by an 18-headed hydra (8 damage)
             ... on level 15 of the Dungeon.
             The game lasted 00:07:42 (7572 turns).

EnegeticOcto the Pandemonic (Deep Dwarf Fighter)    Turns: 7572, Time: 00:07:42

Health: -2/111     AC: 19    Str: 18    XL:     11   Next: 88%
Magic:  4/4        EV: 10    Int: 13    God:    Makhleb [*****.]
Gold:   319        SH:  0    Dex: 13    Spells: 10/10 levels left

rFire    . . .     SeeInvis .   o - +2 executioner's axe "Unueko" {vorpal, rC+++ rN+++ Str-3}
rCold    + + +     Gourm    .   (shield currently unavailable)
rNeg     + + +     Faith    .   q - +0 chain mail
rPois    +         Spirit   .   E - +0 helmet
rElec    +         Reflect  .   u - +2 ratskin cloak {+Rats rPois rN+ Str-1 Int-1 Dex+1}
rCorr    .         Harm     .   m - +2 pair of gloves
MR       .....                  (no boots)
Stlth    ..........             (no amulet)
HPRegen  0.00/turn              w - ring "Kettom" {Wiz rElec rN++ MR- Int+4}
MPRegen  0.09/turn              (no ring)

@: non-regenerating, studying Fighting
A: damage resistance, heal wounds, sense surroundings 2, no regeneration
a: Heal Wounds, Minor Destruction, Lesser Servant of Makhleb, Major Destruction,
Greater Servant of Makhleb, Renounce Religion, Evoke Ratskin


You were on level 15 of the Dungeon.
You worshipped Makhleb.
Makhleb was extremely pleased with you.
You were not hungry.

You visited 2 branches of the dungeon, and saw 14 of its levels.
You also visited: Sewer and Bailey.

You collected 634 gold pieces.
You spent 315 gold pieces at shops.

Inventory:

Hand Weapons
 a - a +0 war axe
 o - the +2 executioner's axe "Unueko" (weapon) {vorpal, rC+++ rN+++ Str-3}
   (You found it in a bailey)

   It inflicts extra damage upon your enemies.
   It affects your strength (-3).
   It renders you almost immune to cold.
   It renders you almost immune to negative energy.
 B - the +3 morningstar of Ditiwimm {vorpal, Str+6}
   (You found it on level 6 of the Dungeon)

   It inflicts extra damage upon your enemies.
   It affects your strength (+6).
Missiles
 z - 2 throwing nets (quivered)
Armour
 m - a +2 pair of gloves (worn)
 q - a +0 chain mail (worn)
 u - the +2 ratskin cloak (worn) {+Rats rPois rN+ Str-1 Int-1 Dex+1}
   (You found it on level 5 of the Dungeon)

   It affects your strength (-1).
   It affects your intelligence (-1).
   It affects your dexterity (+1).
   It protects you from poison.
   It protects you from negative energy.
   If you remove this armour, your AC will decrease by 4 (19 -> 15).
 y - a +0 tower shield
 E - a +0 helmet (worn)
 H - a +0 pair of gloves of strength
Jewellery
 w - the ring "Kettom" (left hand) {Wiz rElec rN++ MR- Int+4}
   (You acquired it in a bailey)

   [ring of wizardry]

   It improves your spell success rate.
   It affects your intelligence (+4).
   It insulates you from electricity.
   It greatly protects you from negative energy.
   It affects your resistance to hostile enchantments.
 G - a cursed ring of attention {unknown}
 I - an uncursed ring of fire {unknown}
Wands
 b - a wand of iceblast (14)
 r - a wand of flame (27)
 J - a wand of scattershot (5)
Scrolls
 c - 6 scrolls of teleportation {@r2}
 f - 3 scrolls of immolation {@r4}
 g - 6 scrolls of identify {@r1}
 v - a scroll of blinking {@r3}
 A - a scroll of remove curse {@r6}
 C - 3 scrolls of fog
 D - 4 scrolls of magic mapping {@r5}
 F - a scroll of enchant armour
 K - a scroll of fear {unknown}
Potions
 d - 5 potions of heal wounds {@q2}
 h - 2 potions of resistance {unknown}
 i - 3 potions of lignification {unknown}
 j - 3 potions of stabbing {@q5}
 k - 3 potions of might {@q3}
 l - a potion of cancellation
 n - 4 potions of haste {@q4}
 p - 5 potions of magic
 t - a potion of invisibility
 x - 3 potions of curing {@q1}
Books
 s - a manual of Fighting
Miscellaneous
 L - a lamp of fire
Comestibles
 e - 21 rations
 M - 6 chunks of flesh


   Skills:
 * Level 11.0 Fighting
 * Level 10.7 Axes
 + Level 8.1 Armour
 + Level 6.5 Dodging
 - Level 6.8 Shields
 * Level 11.4 Invocations


You had 10 spell levels left.
You didn't know any spells.
Your spell library was empty.

Dungeon Overview and Level Annotations

Branches:
Dungeon (12/15)            Temple (1/1) D:4            Lair (0/6) D:10
    Orc (0/2) D:9           Sewer (visited)          Bailey (visited)

Altars:
Cheibriados
Dithmenos
Elyvilon
Fedhas
Gozag
Hepliaklqana
Kikubaaqudgha
Makhleb
Nemelex Xobeh
Okawaru
Qazlal
Ru
Sif Muna
Trog
Uskayaw
Wu Jian
Xom
Yredelemnul
Zin
The Shining One

Shops:
D:9 *:?%   D:10 !   D:11 %


Innate Abilities, Weirdness & Mutations

You are resistant to damage.
You can heal yourself by infusing magical energy.
You passively map the area around you.
You do not regenerate.


Message History

The 17-headed hydra bites you but does no damage.
The 17-headed hydra barely misses you.
The 17-headed hydra bites you but does no damage. x2
The 17-headed hydra bites you!
The 17-headed hydra bites you but does no damage. x4
The 17-headed hydra completely misses you.
The 17-headed hydra bites you but does no damage.
The 17-headed hydra bites you. The 17-headed hydra barely misses you.
The 17-headed hydra bites you but does no damage.
The 17-headed hydra bites you! The 17-headed hydra barely misses you.
The 17-headed hydra bites you but does no damage. x4
The 17-headed hydra bites you.
The 17-headed hydra barely misses you. x2
The 17-headed hydra bites you. The 17-headed hydra barely misses you.
The 17-headed hydra bites you but does no damage.
You slice one of the 17-headed hydra's heads off!
The 16-headed hydra grows two more!
You hit the 18-headed hydra.
The 18-headed hydra is severely wounded.
The 18-headed hydra barely misses you. The 18-headed hydra bites you.
The 18-headed hydra closely misses you. The 18-headed hydra misses you.
The 18-headed hydra bites you.
The 18-headed hydra bites you but does no damage.
The 18-headed hydra bites you. The 18-headed hydra barely misses you.
The 18-headed hydra bites you! The 18-headed hydra bites you.
* * * LOW HITPOINT WARNING * * *
The 18-headed hydra bites you but does no damage. x4
The 18-headed hydra bites you!
* * * LOW HITPOINT WARNING * * *
The 18-headed hydra bites you but does no damage.
The 18-headed hydra closely misses you. x2
You are too injured to fight recklessly!
You are too injured to fight recklessly!
You are too injured to fight recklessly!
You are too injured to fight recklessly!
You are too injured to fight recklessly!
You are too injured to fight recklessly!
You are too injured to fight recklessly!
You are too injured to fight recklessly!
You are too injured to fight recklessly!
You feel much better. The 18-headed hydra bites you!
The 18-headed hydra bites you but does no damage.
The 18-headed hydra barely misses you. The 18-headed hydra closely misses you.
The 18-headed hydra barely misses you. The 18-headed hydra bites you.
The 18-headed hydra bites you but does no damage. x5
The 18-headed hydra bites you!
* * * LOW HITPOINT WARNING * * *
The 18-headed hydra bites you but does no damage.
The 18-headed hydra closely misses you.
The 18-headed hydra bites you but does no damage.
The 18-headed hydra bites you!
* * * LOW HITPOINT WARNING * * *
The 18-headed hydra bites you.
The 18-headed hydra bites you but does no damage.
You feel much better. The 18-headed hydra bites you.
The 18-headed hydra closely misses you.
The 18-headed hydra bites you but does no damage.
The 18-headed hydra barely misses you. The 18-headed hydra closely misses you.
The 18-headed hydra bites you but does no damage. x4
The 18-headed hydra misses you. The 18-headed hydra bites you. x2
* * * LOW HITPOINT WARNING * * *
The 18-headed hydra bites you but does no damage. x3
The 18-headed hydra barely misses you. The 18-headed hydra bites you!
* * * LOW HITPOINT WARNING * * *
The 18-headed hydra closely misses you.
You feel much better. The 18-headed hydra bites you!
* * * LOW HITPOINT WARNING * * *
The 18-headed hydra bites you but does no damage.
The 18-headed hydra bites you!
* * * LOW HITPOINT WARNING * * *
The 18-headed hydra bites you but does no damage.
The 18-headed hydra bites you. The 18-headed hydra closely misses you.
The 18-headed hydra barely misses you. The 18-headed hydra bites you!
* * * LOW HITPOINT WARNING * * *
The 18-headed hydra bites you but does no damage. x2
The 18-headed hydra bites you.
* * * LOW HITPOINT WARNING * * *
The 18-headed hydra bites you.
* * * LOW HITPOINT WARNING * * *
The 18-headed hydra bites you but does no damage.
The 18-headed hydra completely misses you.
The 18-headed hydra closely misses you. x2; The 18-headed hydra bites you.
The 18-headed hydra bites you but does no damage.
Your magical essence is drained by the effort!
You feel much better. The 18-headed hydra bites you!
* * * LOW HITPOINT WARNING * * *
The 18-headed hydra closely misses you.
The 18-headed hydra bites you but does no damage.
The 18-headed hydra completely misses you.
The 18-headed hydra bites you but does no damage.
The 18-headed hydra closely misses you.
The 18-headed hydra bites you but does no damage.
The 18-headed hydra bites you!
* * * LOW HITPOINT WARNING * * *
The 18-headed hydra closely misses you.
The 18-headed hydra bites you but does no damage.
The 18-headed hydra completely misses you.
The 18-headed hydra bites you but does no damage. x3
The 18-headed hydra bites you!
* * * LOW HITPOINT WARNING * * *
The 18-headed hydra bites you!
You die...

, * #.#..#.# * , ,, *
#.#....# , #.##...## * ,
, , #.##....#### , , ,
#######.###...รท..# , **
........#####.##.. ,, ,
* #######..####..### * *
#############....###..##
......D@......##....####
###################..#..
##.... ###.. #.. #.. ###


You could see a 18-headed hydra.

Vanquished Creatures
  2 two-headed ogres
  An ogre mage (D:10)
  An unseen horror (D:9)
  2 cyclopes (D:15)
  Maurice (D:9)
  A gargoyle (D:10)
  A tengu conjurer (D:10)
  3 trolls
  4 hippogriffs
  A spriggan (D:11)
  A wraith (D:10)
  Eustachio (D:5)
  5 yaks (D:9)
  A hungry ghost (D:11)
  Edmund (D:6)
  2 acid dragons (D:15)
  11 orc warriors
  An ice beast (shapeshifter) (D:15)
  A meliai simulacrum (D:11)
  An eye of draining (D:15)
  A phantom (D:9)
  5 ogres
  6 sky beasts
  A necrophage (D:11)
  13 centaurs
  4 big kobolds
  8 bullfrogs
  Blork the orc (D:6)
  3 gnoll sergeants
  3 scorpions
  12 killer bees (D:11)
  5 wights
  3 howler monkeys
  3 crimson imps
  2 centaur zombies
  2 quasits
  A jelly (D:7)
  5 orc priests
  2 bullfrog skeletons
  5 hounds
  5 orc wizards
  An iguana (D:4)
  A hell rat (D:5)
  5 worker ants
  3 hound skeletons
  2 worker ant zombies (D:9)
  14 gnolls
  15 adders
  9 river rats
  2 shadow imps
  2 oozes
  An adder skeleton (D:4)
  5 worms
  A dart slug (D:3)
  3 leopard geckos
  55 orcs
  3 ball pythons (Sewer)
  A bat (D:1)
  5 giant cockroaches
  10 goblins
  15 hobgoblins
  6 jackals
  14 kobolds
  4 quokkas
  A frilled lizard (D:1)
  A jackal zombie (D:8)
  20 rats
331 creatures vanquished.

Vanquished Creatures (collateral kills)
  4 orc warriors (Bailey)
  3 centaurs (Bailey)
  4 orcs (Bailey)
11 creatures vanquished.

Vanquished Creatures (others)
  A quokka (D:7)
1 creature vanquished.

Grand Total: 343 creatures vanquished

Notes
Turn   | Place    | Note
-------+----------+-------------------------------------------
     0 | D:1      | EnegeticOcto the Deep Dwarf Fighter began the quest for the
                  | Orb.
     0 | D:1      | Reached XP level 1. HP: 20/20 MP: 1/1
   134 | D:2      | Reached XP level 2. HP: 22/27 MP: 2/2
   245 | D:3      | Reached XP level 3. HP: 17/34 MP: 2/2
   283 | D:3      | Found a shadowy altar of Dithmenos.
   379 | D:4      | Reached skill level 1 in Dodging
   453 | D:4      | Reached XP level 4. HP: 42/42 MP: 3/3
   624 | D:4      | Reached XP level 5. HP: 48/50 MP: 4/4
  1017 | D:4      | Found a staircase to the Ecumenical Temple.
  1058 | D:4      | Noticed a centaur
  1068 | D:4      | Killed a centaur
  1068 | D:4      | Reached XP level 6. HP: 27/57 MP: 5/5
  1144 | Temple   | Entered the Ecumenical Temple
  1468 | Temple   | Became a worshipper of Makhleb the Destroyer
  1755 | D:4      | Reached skill level 1 in Invocations
  1755 | D:4      | Reached XP level 7. HP: 44/66 MP: 6/6
  1873 | D:5      | Entered Level 5 of the Dungeon
  1883 | D:5      | Found a sacrificial altar of Ru.
  1922 | D:5      | Noticed Eustachio
  1945 | D:5      | Killed Eustachio
  1945 | D:5      | Reached skill level 5 in Axes
  1989 | D:5      | Found a hide-covered altar of Uskayaw.
  2055 | D:5      | Found a bloodstained altar of Trog.
  2317 | D:5      | Reached * piety under Makhleb
  2375 | D:5      | Reached skill level 5 in Fighting
  2386 | D:5      | Found the +2 ratskin cloak {+Rats rPois rN+ Str-1 Int-1
                  | Dex+1}
  2589 | D:6      | Noticed Blork the orc
  2598 | D:6      | Killed Blork the orc
  2598 | D:6      | Reached XP level 8. HP: 60/74 MP: 9/9
  2600 | D:6      | Noticed Edmund
  2616 | D:6      | Reached skill level 5 in Shields
  2631 | D:6      | Killed Edmund
  2631 | D:6      | Reached skill level 5 in Armour
  2692 | D:6      | Reached skill level 5 in Invocations
  2706 | D:6      | Found a basalt altar of Yredelemnul.
  2849 | D:6      | Reached ** piety under Makhleb
  2947 | D:6      | Found a glowing drain.
  2959 | Sewer    | Entered a sewer
  3041 | Sewer    | Gained mutation: You passively map the area around you.
                  | [Deep Dwarf growth]
  3041 | Sewer    | Reached XP level 9. HP: 82/82 MP: 9/9
  3373 | D:6      | Found an ancient bone altar of Kikubaaqudgha.
  3484 | D:6      | Got a fine morningstar
  3485 | D:6      | Identified the +3 morningstar of Ditiwimm {vorpal, Str+6}
                  | (You found it on level 6 of the Dungeon)
  3871 | D:7      | Found a white marble altar of Elyvilon.
  4090 | D:8      | Reached *** piety under Makhleb
  4188 | D:8      | Found a flagged portal.
  4198 | Bailey   | Entered a bailey
  4562 | Bailey   | Reached XP level 10. HP: 43/94 MP: 7/7
  4606 | Bailey   | Got a shimmering executioner's axe
  4611 | Bailey   | Identified a scroll of acquirement
  4611 | Bailey   | Identified the ring "Kettom" {Wiz rElec rN++ MR- Int+4}
                  | (You acquired it in a bailey)
  4715 | Bailey   | Identified the +2 executioner's axe "Unueko" {vorpal, rC+++
                  | rN+++ Str-3} (You found it in a bailey)
  5353 | D:9      | Reached **** piety under Makhleb
  5380 | D:9      | Found Zext's Food Shoppe.
  5387 | D:9      | Found Wextesei's Magic Scroll Shoppe.
  5394 | D:9      | Found Beiwuq's Book Shoppe.
  5395 | D:9      | Bought a scroll of magic mapping for 45 gold pieces
  5395 | D:9      | Bought a scroll of magic mapping for 45 gold pieces
  5395 | D:9      | Bought a scroll of enchant armour for 97 gold pieces
  5519 | D:9      | Noticed Maurice
  5554 | D:9      | Killed Maurice
  5669 | D:9      | Found a staircase to the Orcish Mines.
  5671 | D:9      | Reached skill level 5 in Dodging
  5700 | D:9      | Found Gozag's Platinum Reserve.
  5700 | D:9      | Found an opulent altar of Gozag.
  5904 | D:9      | Killed an unseen horror
  6096 | D:10     | Entered Level 10 of the Dungeon
  6105 | D:10     | Noticed a gargoyle
  6109 | D:10     | Killed a gargoyle
  6109 | D:10     | Reached XP level 11. HP: 97/106 MP: 10/10
  6119 | D:10     | Found Wajewemp's Distillery.
  6123 | D:10     | Found a staircase to the Lair.
  6128 | D:10     | Bought a potion of cancellation for 128 gold pieces
  6252 | D:10     | Noticed a two-headed ogre
  6259 | D:10     | Killed a two-headed ogre
  6259 | D:10     | Reached skill level 10 in Invocations
  6311 | D:10     | Noticed an ogre mage
  6312 | D:10     | Found the +6 arbalest "Damnation" {damnation}
  6339 | D:10     | Killed an ogre mage
  6386 | D:10     | Reached skill level 10 in Axes
  6515 | D:10     | Reached ***** piety under Makhleb
  6592 | D:10     | Reached skill level 10 in Fighting
  6947 | D:11     | Noticed a two-headed ogre
  6959 | D:11     | Killed a two-headed ogre
  7097 | D:11     | Found Uporpheti's Food Boutique.
  7213 | D:12     | You fall into a shaft and drop 3 floors!
  7213 | D:15     | Entered Level 15 of the Dungeon
  7519 | D:15     | Noticed a six-headed hydra
  7572 | D:15     | Slain by an 18-headed hydra

Levels and vault maps discovered:
D:1:      lemuel_arrival_lava_pool, layout_basic, evilmike_ruin_ashenzari
D:2:      layout_rooms, overflow_temple_1_default,
          chequers_ecumenical_altar_twisty, first_ration
D:3:      layout_rooms, nicolae_dithmenos_shadow_blocks
D:4:      corexii_shantytown, layout_basic, minmay_temple_entry_drinking_statues
D:5:      wander_guarded_unrand_ratskin, layout_gridville,
          kennysheep_little_box, lightli_temple_of_fire,
          eat_drink_and_be_merry_uskayaw, uniq_eustachio
D:6:      layout_basic, nicolae_overflow_hidden_temple,
          nicolae_overflow_crystal_walls, gup_sewer_entry_bubbles,
          sword_in_stone, uniq_edmund
D:7:      layout_gridville, elyvilon_altar_4
D:8:      layout_basic, enter_bailey_2
D:9:      layout_stronghold, nicolae_gozag_zags_fifth_avenue, orc_0_dummy,
          serial_shops, nicolae_shop_waterfront, shop, shop, uniq_maurice
D:10:     layout_roguey, lair_entry_dummy, serial_shops, shop, minmay_radiant
D:11:     layout_roguey, serial_shops, nicolae_shop_stone, grunt_pizzeria
D:12:     layout_loops_cross
D:15:     grunt_enter_depths_hoard, layout_rooms, serial_shops, shop_fountains
Temple:   minmay_temple_forest_path

Skill      XL: |  1  2  3  4  5  6  7  8  9 10 11 |
---------------+----------------------------------+-----
Fighting       | 3 4 5 6 7 9 11 | 11.0
Dodging        | 1 2 3 4 5 6 |  6.5
Axes           | 3 4 5 6 8 9 10 | 10.7
Shields        | 4 5 6 |  6.8
Armour         | 4 5 6 7 8 |  8.1
Invocations    | 1 3 5 7 9 11 | 11.4

Action                   |  1- 3 |  4- 6 |  7- 9 | 10-12 || total
-------------------------+-------+-------+-------+-------++-------
Melee: War axe           |   115 |   163 |   639 |     6 ||   923
       Morningstar       |       |       |     3 |       ||     3
       Executioner's axe |       |       |       |   418 ||   418
Invok: Lesser Servant of |       |       |     2 |     1 ||     3
 Abil: Heal Wounds       |     3 |     3 |    18 |    40 ||    64
  Use: Scroll            |       |       |    16 |     1 ||    17
       Potion            |       |       |     3 |     1 ||     4
 Stab: Distracted        |       |       |       |     1 ||     1
  Eat: Chunk             |       |     4 |    10 |    14 ||    28
       Ration            |       |       |       |     1 ||     1
Armor: Scale mail        |    42 |    59 |       |       ||   101
       Chain mail        |       |    22 |   343 |  1053 ||  1418
Dodge: Dodged            |    41 |    56 |   179 |   604 ||   880
Block: Kite shield       |    57 |   109 |   125 |       ||   291
       Tower shield      |       |       |   463 |     6 ||   469

Table legend:
 A = Non-vault XP
 B = Vault XP
 C = Vault XP percentage of total XP
 D = Non-vault monster count
 E = Vault monster count
 F = Vault count percentage of total count
                 A         B        C        D         E       F
            +---------+---------+-------+---------+---------+-------
      Total |   15272 |    5369 |  26.0 |     209 |     133 |  38.9
            +---------+---------+-------+---------+---------+-------
        D:1 |      11 |       0 |   0.0 |       6 |       0 |   0.0
        D:2 |       2 |       0 |   0.0 |       1 |       0 |   0.0
        D:3 |      41 |       0 |   0.0 |      14 |       0 |   0.0
        D:4 |     626 |      99 |  13.7 |      29 |      37 |  56.1
        D:5 |     196 |     324 |  62.3 |       6 |      22 |  78.6
        D:6 |     936 |     641 |  40.6 |      23 |      13 |  36.1
        D:7 |     612 |       0 |   0.0 |      12 |       0 |   0.0
        D:8 |     471 |       0 |   0.0 |       8 |       0 |   0.0
        D:9 |    4022 |     472 |  10.5 |      45 |       1 |   2.2
       D:10 |    2714 |    1509 |  35.7 |      27 |       3 |  10.0
       D:11 |    3592 |     215 |   5.6 |      28 |       1 |   3.4
       D:15 |    2049 |       0 |   0.0 |      10 |       0 |   0.0
      Sewer |       0 |     371 | 100.0 |       0 |      18 | 100.0
     Bailey |       0 |    1738 | 100.0 |       0 |      38 | 100.0
            +---------+---------+-------+---------+---------+-------
